 Dungeon Crawl Stone Soup version 0.31-a0-214-gb37851dbb3 (webtiles) character file.

Game seed: 9643800841154433665

613 qw the Chopper (level 7, -3/43 HPs)
             Began as a Gargoyle Fighter on July 1, 2023.
             Slain by a gnoll
             ... wielding a +0 halberd
              (11 damage)
             ... on level 3 of the Dungeon.
             The game lasted 00:02:31 (2992 turns).

qw the Chopper (Gargoyle Fighter)                   Turns: 2992, Time: 00:02:31

Health: -3/43      AC: 11    Str: 22    XL:     7   Next: 44%
Magic:  7/7        EV:  9    Int:  8    God:
Gold:   108        SH:  4    Dex:  9    Spells: 6/6 levels left

rFire   . . .        Y - +0 war axe
rCold   . . .        c - +0 buckler
rNeg    + . .        b - +0 scale mail
rPois   inf          (no helmet)
rElec   +            (no cloak)
rCorr   .            (no gloves)
SInv    .            (no boots)
Will    .....        j - amulet of regeneration Stlth
                     (no ring)
HPRegen 1.07/turn    (no ring)
MPRegen 0.10/turn

%: no passive effects
@: no status effects
A: sickness immunity, AC +4, negative energy resistance 1, electricity
resistance, torment resistance 1, petrification resistance
a: no special abilities


You were on level 3 of the Dungeon.
You visited 1 branch of the dungeon, and saw 3 of its levels.

You collected 108 gold pieces.


Innate Abilities, Weirdness & Mutations

You are immune to sickness and miasma.
Your stone body is resilient. (AC +4)
You are immune to poison.
You resist negative energy. (rN+)
You are resistant to electric shocks. (rElec)
You are resistant to unholy torment.
You are immune to petrification.


   Skills:
 - Level 4.1 Fighting
 + Level 6.6 Axes
 - Level 1.4 Throwing
 - Level 3.2 Armour
 - Level 1.0 Dodging
 - Level 3.2 Shields


You had 6 spell levels left.
You didn't know any spells.
Your spell library was empty.

Inventory:

Hand Weapons
 l - a +0 morningstar
 Y - a +0 war axe (weapon)
Missiles
 g - 2 silver boomerangs (quivered)
 m - 3 boomerangs
Armour
 b - a +0 scale mail (worn)
 c - a +0 buckler (worn)
Jewellery
 j - an amulet of regeneration (around neck)
Scrolls
 a - a scroll of identify
 f - a scroll of enchant armour {unknown}
 h - a scroll of enchant weapon {unknown}
Potions
 d - 2 potions of might
 i - a potion of haste
 k - 2 potions of curing

Dungeon Overview and Level Annotations

Branches:
Dungeon (3/15)

Altars:

Shops:
D:3 =

Annotations:
D:3 exclusion: jackal


Message History

The gnoll hits you from afar with a +0 halberd!
There is an open door, spattered with blood here.
Things that are here:
a +0 hand axe; an orc corpse You hit the gnoll.
The gnoll is moderately wounded.
The gnoll hits you but does no damage.
The gnoll hits you from afar with a +0 halberd!
You barely miss the gnoll.
The gnoll is moderately wounded.
The gnoll barely misses you.
The gnoll hits you from afar with a +0 halberd.
You block the gnoll's attack. x2
You closely miss the gnoll.
The gnoll is moderately wounded.
The gnoll shouts!
You block the gnoll's attack.
The gnoll hits you from afar with a +0 halberd!
You slash the gnoll!
You kill the gnoll!
The gnoll hits you but does no damage.
An orc comes into view. It is wielding a +0 flail of venom.
The gnoll hits you with a +0 halberd.
You closely miss the gnoll.
The orc shouts!
The gnoll closely misses you.
You barely miss the gnoll. The gnoll hits you with a +0 halberd.
You slash the gnoll!
You kill the gnoll!
You block the gnoll's attack. The gnoll closely misses you.
The gnoll hits you with a +0 halberd.
Things that are here:
a +0 halberd; a gnoll corpse You closely miss the gnoll.
You closely miss the orc. The orc hits you but does no damage.
You block the gnoll's attack.
You closely miss the gnoll. You hit the orc.
The orc hits you with a +0 flail of venom.
The gnoll hits you with a +0 halberd!
You die...

,,..P................P...........
~~~~~~~~~~~~~~~~~~~~~~~~~~~~~~~~.
~~~~~~~~~~~~~~~~~~~~~~~%~~~~~~~~.
~~~~~~~~~~~~~~~~~~~~~~~~~#####~~.
,,......%................#...#~~.
**########################...#~~.
,+,,,,,,,,*#........)....#'###~~.
,***+****########)###....#.#.~~~.
,*,*,,,,,......g@.#[#....#.#.~~~.
**,*,,,,,......o.)#.##'###)#.~~~.
,*,*,,,,,.........#.#...)..#.~~~.
,+,+,,,,,.........'.#...)..#.~~~.
**########################)#.~~~.
,,......#....#...........#)#.~~~.
,,......'....'........)..))#.~~~.
,,......#)).)#...........#'###~~.
#########))')#############...#~~P


You could see a gnoll and an orc.

Vanquished Creatures
  An ogre (D:3)
  3 howler monkeys (D:3)
  A gnoll bouda (D:3)
  Natasha (twice) (D:3)
  An orc wizard (D:3)
  13 gnolls (D:3)
  4 adders (D:2)
  2 worms (D:2)
  2 dart slugs (D:2)
  21 orcs (D:3)
  5 endoplasms
  10 giant cockroaches
  6 hobgoblins
  20 jackals
  4 quokkas (D:3)
  6 ball pythons
  11 bats
  3 frilled lizards
  5 goblins
  4 kobolds
  11 rats
135 creatures vanquished.

Notes
Turn   | Place    | Note
-------+----------+-------------------------------------------
     0 | D:1      | qw the Gargoyle Fighter began the quest for the Orb.
     0 | D:1      | Reached XP level 1. HP: 14/14 MP: 1/1
     0 | D:1      | 0 ||| qw: Version: 0.3-a-32-g5962c71
     0 | D:1      | 0 ||| qw: Game counter: 7573
     0 | D:1      | 0 ||| qw: Melee chars always use a shield: true
     0 | D:1      | 0 ||| qw: God list: Okawaru
     0 | D:1      | 0 ||| qw: Allow faded altars: false
     0 | D:1      | 0 ||| qw: Do Orc after clearing Dungeon:15 true
     0 | D:1      | 0 ||| qw: Do second Lair branch before Depths: true
     0 | D:1      | 0 ||| qw: Lair rune preference: random
     0 | D:1      | 0 ||| qw: Goals: Normal, Zot:1-4, Slime:5, God:TSO, Crypt,
                  | Tomb, Abyss, Pan, Hells, Win
     0 | D:1      | 0 ||| PLANNING D:1-11
    92 | D:1      | Reached skill level 2 in Axes
    98 | D:1      | Reached XP level 2. HP: 17/19 MP: 2/2
   396 | D:1      | Reached skill level 3 in Axes
   414 | D:1      | 414 ||| Stepping ~*~*~tactically~*~*~ (hiding).
   416 | D:1      | 416 ||| Stepping ~*~*~tactically~*~*~ (hiding).
   417 | D:1      | 417 ||| Stepping ~*~*~tactically~*~*~ (hiding).
   423 | D:1      | Reached XP level 3. HP: 23/23 MP: 3/3
   467 | D:1      | 467 ||| Stepping ~*~*~tactically~*~*~ (stealth).
   779 | D:1      | 779 ||| DROPPING orb of guile.
   780 | D:1      | 780 ||| UPGRADING to amulet of regeneration.
   785 | D:1      | 785 ||| READING scroll labelled SURYDW SERUO.
   786 | D:1      | 786 ||| READING scroll labelled FAPALI REDYSI.
   829 | D:2      | 829 ||| Stepping ~*~*~tactically~*~*~ (stealth).
   830 | D:2      | 830 ||| Stepping ~*~*~tactically~*~*~ (stealth).
   855 | D:2      | 855 ||| Stepping ~*~*~tactically~*~*~ (stealth).
   931 | D:2      | Reached XP level 4. HP: 27/28 MP: 4/4
   963 | D:2      | 963 ||| Stepping ~*~*~tactically~*~*~ (hiding).
  1156 | D:2      | Reached skill level 4 in Axes
  1188 | D:2      | 1188 ||| Stepping ~*~*~tactically~*~*~ (hiding).
  1208 | D:2      | 1208 ||| Stepping ~*~*~tactically~*~*~ (stealth).
  1210 | D:2      | 1210 ||| Stepping ~*~*~tactically~*~*~ (stealth).
  1212 | D:2      | 1212 ||| Stepping ~*~*~tactically~*~*~ (stealth).
  1213 | D:2      | 1213 ||| Stepping ~*~*~tactically~*~*~ (stealth).
  1718 | D:2      | Found a faded altar of an unknown god.
  1764 | D:2      | 1764 ||| READING scroll labelled YSA MITADWA.
  1768 | D:2      | 1768 ||| DRINKING 2 pink potions.
  1769 | D:2      | 1769 ||| DRINKING 2 fizzy golden potions.
  1770 | D:2      | 1770 ||| READING 4 scrolls of identify.
  1770 | D:2      | 1770 ||| IDENTIFYING puce potion
  1771 | D:2      | 1771 ||| READING 3 scrolls of identify.
  1771 | D:2      | 1771 ||| IDENTIFYING viscous emerald potion
  1772 | D:2      | 1772 ||| READING 2 scrolls of identify.
  1772 | D:2      | 1772 ||| IDENTIFYING dark potion
  1773 | D:2      | 1773 ||| DROPPING potion of berserk rage.
  1774 | D:2      | 1774 ||| DROPPING potion of degeneration.
  1775 | D:2      | 1775 ||| DROPPING potion of brilliance.
  1791 | D:3      | 1791 ||| PLANNING SEWER
  1816 | D:3      | 1816 ||| Stepping ~*~*~tactically~*~*~ (stealth).
  1989 | D:3      | Reached XP level 5. HP: 32/32 MP: 5/5
  2007 | D:3      | Found Tarasawk's Jewellery Shop.
  2016 | D:3      | 2016 ||| SHOPLISTING +5 ring of evasion (432 gold, have
                  | 80).
  2016 | D:3      | 2016 ||| SHOPLISTING amulet of faith (480 gold, have 80).
  2016 | D:3      | 2016 ||| SHOPLISTING amulet of reflection (360 gold, have
                  | 80).
  2016 | D:3      | 2016 ||| SHOPLISTING ring "Amewed" {*Slow Fly rElec Will+
                  | SInv} (373 gold, have 80).
  2016 | D:3      | 2016 ||| SHOPLISTING ring of positive energy (240 gold,
                  | have 80).
  2016 | D:3      | 2016 ||| SHOPLISTING ring of protection from fire (300
                  | gold, have 80).
  2016 | D:3      | 2016 ||| SHOPLISTING ring of resist corrosion (240 gold,
                  | have 80).
  2016 | D:3      | 2016 ||| SHOPLISTING ring of see invisible (180 gold, have
                  | 80).
  2115 | D:3      | 2115 ||| READING scroll labelled TID MEMELL.
  2208 | D:3      | 2208 ||| Stepping ~*~*~tactically~*~*~ (stealth).
  2218 | D:3      | 2218 ||| Stepping ~*~*~tactically~*~*~ (stealth).
  2221 | D:3      | 2221 ||| Stepping ~*~*~tactically~*~*~ (hiding).
  2225 | D:3      | 2225 ||| Stepping ~*~*~tactically~*~*~ (hiding).
  2238 | D:3      | Reached skill level 5 in Axes
  2262 | D:3      | 2262 ||| Stepping ~*~*~tactically~*~*~ (stealth).
  2345 | D:3      | Noticed Natasha
  2353 | D:3      | Killed Natasha
  2467 | D:3      | Reached skill level 1 in Dodging
  2467 | D:3      | Reached XP level 6. HP: 38/38 MP: 6/6
  2538 | D:3      | 2538 ||| Stepping ~*~*~tactically~*~*~ (stealth).
  2538 | D:3      | 2538 ||| RIP SEWER
  2539 | D:3      | 2539 ||| PLANNING D:1-11
  2540 | D:3      | 2540 ||| Stepping ~*~*~tactically~*~*~ (hiding).
  2541 | D:3      | 2541 ||| Stepping ~*~*~tactically~*~*~ (hiding).
  2554 | D:3      | 2554 ||| DROPPING +0 flail.
  2642 | D:3      | 2642 ||| Stepping ~*~*~tactically~*~*~ (stealth).
  2651 | D:3      | Noticed Natasha
  2666 | D:3      | Reached skill level 1 in Throwing
  2669 | D:3      | Killed Natasha
  2704 | D:3      | HP: 9/38 [gnoll/+1 vampiric spear (5)]
  2705 | D:3      | 2705 ||| READING scroll of teleportation.
  2706 | D:3      | HP: 2/38 [gnoll/+4 spear (8)]
  2857 | D:3      | Reached skill level 6 in Axes
  2857 | D:3      | Reached XP level 7. HP: 43/43 MP: 7/7
  2862 | D:3      | 2862 ||| Stepping ~*~*~tactically~*~*~ (stealth).
  2870 | D:3      | 2870 ||| Stepping ~*~*~tactically~*~*~ (hiding).
  2871 | D:3      | 2871 ||| Stepping ~*~*~tactically~*~*~ (hiding).
  2912 | D:3      | 2912 ||| Stepping ~*~*~tactically~*~*~ (hiding).
  2923 | D:3      | 2923 ||| FLEEEEING.
  2968 | D:3      | 2968 ||| Stepping ~*~*~tactically~*~*~ (stealth).
  2969 | D:3      | 2969 ||| Stepping ~*~*~tactically~*~*~ (stealth).
  2976 | D:3      | 2976 ||| Stepping ~*~*~tactically~*~*~ (hiding).
  2984 | D:3      | HP: 9/43 [gnoll/+0 halberd (7)]
  2990 | D:3      | HP: 8/43 [gnoll/+0 halberd (2)]
  2992 | D:3      | Slain by a gnoll

Levels and vault maps discovered:
D:1:      kilobyte_arrival_exit_the_forest, layout_rooms,
          minmay_misc_feat_enclosed, serial_bayou_pond_b
D:2:      layout_loops_ring, shapermc_ecumenical_altar_mp_vishouse,
          nrook_campfire, dk_noncrumbling_2, minmay_indecisive_spiral
D:3:      lemuel_castle_with_subvaults [lemuel_castle_interior_carwin_1],
          layout_loops_ring, serial_shops, shop, gup_sewer_entry_pipe,
          uniq_natasha

Skill      XL: |  1  2  3  4  5  6 |
---------------+-------------------+-----
Axes           | 2 3 4 5 6 |  6.6
Fighting       | 4 |  4.1
Dodging        | 1 |  1.0
Throwing       | 1 |  1.4
Armour         | |  3.2
Shields        | |  3.2

Action                     |  1- 3 |  4- 6 |  7- 9 || total
---------------------------+-------+-------+-------++-------
  Melee: War axe           |   118 |   250 |    37 ||   405
  Throw: Boomerang         |       |    20 |    14 ||    34
    Use: Scroll            |     2 |     6 |       ||     8
         Potion            |       |     2 |       ||     2
 Armour: Scale mail        |    76 |   164 |    12 ||   252
  Dodge: Dodged            |    62 |   117 |    18 ||   197
  Block: Buckler           |    17 |    54 |     7 ||    78

Table legend:
 A = Non-vault XP
 B = Vault XP
 C = Vault XP percentage of total XP
 D = Non-vault monster count
 E = Vault monster count
 F = Vault count percentage of total count
                 A         B        C        D         E       F
            +---------+---------+-------+---------+---------+-------
      Total |     218 |     659 |  75.1 |      75 |      60 |  44.4
            +---------+---------+-------+---------+---------+-------
        D:1 |      40 |       5 |  11.1 |      27 |       3 |  10.0
        D:2 |      58 |      35 |  37.6 |      20 |       4 |  16.7
        D:3 |     120 |     619 |  83.8 |      28 |      53 |  65.4
            +---------+---------+-------+---------+---------+-------
